 Dungeon Sprint DCSS version 0.26-a0-652-gafc20e3620 (webtiles) character file.

Game seed: 6594319165084166053

439 sahdkjhfkaj the Destroyer (level 7, -2/44 HPs)
             Began as a Tengu Conjurer on Oct 3, 2020.
             Was an Initiate of Sif Muna.
             Slain by Sonja
             ... wielding a +1 dagger of venom
              (4 damage)
             ... in the Dungeon (Sprint I: "Red Sonja").
             The game lasted 00:01:19 (411 turns).

sahdkjhfkaj the Destroyer (Tengu Conjurer)           Turns: 411, Time: 00:01:19

Health: -2/44      AC:  2    Str:  8    XL:     7   Next: 1%
Magic:  15/20      EV: 17    Int: 20    God:    Sif Muna [......]
Gold:   314        SH:  0    Dex: 12    Spells: 21/24 levels left

rFire    . . .     SeeInvis .   (no weapon)
rCold    . . .     Faith    .   (no shield)
rNeg     . . .     Spirit   .   a - +0 robe
rPois    .         Reflect  .   (helmet restricted)
rElec    .         Harm     .   (no cloak)
rCorr    .         Rampage  .   (no gloves)
MR       .....     NoTele   +   (boots unavailable)
Stlth    ++........             (no amulet)
HPRegen  0.14/turn              (no ring)
MPRegen  0.17/turn              (no ring)

@: lethally poisoned (-2 -> -56), flying quickly and evasively, slowed, very
slow
A: beak, talons 3, able to fly
a: Stop Flying, Renounce Religion


You were in the Dungeon.
You worshipped Sif Muna.
Sif Muna was noncommittal.
You visited 1 branch You collected 314 gold pieces.

Inventory:

Armour
 a - a +0 robe (worn)
Scrolls
 b - a scroll of enchant armour {unknown}
 g - a scroll of immolation {unknown}
 h - a scroll of blinking
Potions
 c - a potion of curing
 e - a potion of haste
 f - 2 potions of magic


   Skills:
 - Level 5.0 Fighting
 - Level 5.0 Armour
 - Level 5.0 Dodging
 - Level 2.0 Stealth
 + Level 9.3 Spellcasting
 - Level 10.2 Conjurations


You had 21 spell levels left.
You knew the following spells:

 Your Spells              Type           Power        Failure   Level
a - Magic Dart            Conj           ####         1%          1
b - Searing Ray           Conj           ######       1%          2

Your spell library contained the following spells:

 Spells                   Type           Power        Failure   Level
 Dazzling Flash           Conj/Hex       ####..       2%          3
 Fulminant Prism          Conj/Hex       ####......   9%          4
 Iskenderun's Mystic Bla  Conj/Tloc      ####....     9%          4


Dungeon Overview and Level Annotations

Branches:
Dungeon (1/1)

Altars:
Cheibriados
Dithmenos
Elyvilon
Fedhas
Gozag
Hepliaklqana
Kikubaaqudgha
Nemelex Xobeh
Okawaru
Qazlal
Ru
Sif Muna
Trog
Uskayaw
Vehumet
Wu Jian
Yredelemnul
Zin
The Shining One

Shops:
D (

Annotations:
D Sonja


Innate Abilities, Weirdness & Mutations

You have a beak for a mouth.
You have claws for feet.
You can fly continuously.


Message History

You are more poisoned.
Sonja hits you with a +1 dagger of venom.
* * * LOW HITPOINT WARNING * * *
You are more poisoned.
Sonja closely misses you. x2; Sonja completely misses you.
Unknown command.
Unknown command.
Casting: Magic Dart (safe; 1% risk of failure)
Confirm with . or Enter, or press ? or * to list all spells.
Aiming: Magic Dart (safe; 1% risk of failure)
Press: ? - help, Shift-Dir - straight line, f/p - Sonja
Aim: Sonja, wielding a +1 dagger of venom, quivering a curare-tipped dart and carrying a wand of disintegration (7) (almost dead)
The magic dart hits Sonja.
Sonja is almost dead.
* * * LOW HITPOINT WARNING * * *
You feel extremely sick.
Sonja casts a spell.
Sonja looks slightly unstable.
Sonja hits you with a +1 dagger of venom.
You die...

################
#<.#..)..#..'..#
#..)..#..'..#..+
#..#####'#####'#
#..####..#...#.#
#..#__####..##.#
#..#_____##'#_.+
#⌠⌠#_.∩...†K(._#
####_..__##_@#'#
#_____###'#.#
####### #.###
$.$ $.$ ##.##
#+#


You could see Sonja.

Vanquished Creatures
  Sigmund (D)
  A yak (D)
  An ogre (D)
  A jelly (D)
  Ijyb (D)
5 creatures vanquished.

Notes
Turn   | Place    | Note
-------+----------+-------------------------------------------
     0 | D        | sahdkjhfkaj the Tengu Conjurer began the quest for the Orb.
     0 | D        | Reached XP level 1. HP: 10/10 MP: 4/4
     1 | D        | Noticed Ijyb
    11 | D        | Killed Ijyb
    11 | D        | Reached skill level 7 in Conjurations
    11 | D        | Reached XP level 2. HP: 15/15 MP: 0/8
    11 | D        | Reached XP level 3. HP: 19/19 MP: 0/10
    77 | D        | Learned a level 2 spell: Searing Ray
    80 | D        | Noticed an ogre
    84 | D        | Killed an ogre
    84 | D        | Reached skill level 5 in Spellcasting
    84 | D        | Reached skill level 8 in Conjurations
    84 | D        | Reached XP level 4. HP: 27/27 MP: 6/12
   145 | D        | Noticed Sigmund
   157 | D        | Killed Sigmund
   157 | D        | Reached skill level 5 in Armour
   157 | D        | Reached skill level 5 in Dodging
   157 | D        | Reached skill level 9 in Conjurations
   157 | D        | Gained mutation: You can fly continuously. [Tengu growth]
   157 | D        | Reached XP level 5. HP: 34/34 MP: 6/15
   157 | D        | Reached XP level 6. HP: 39/39 MP: 6/16
   263 | D        | Found an ornate altar of the Wu Jian Council.
   263 | D        | Found a shimmering blue altar of Sif Muna.
   265 | D        | Found a radiant altar of Vehumet.
   267 | D        | Reached skill level 5 in Fighting
   267 | D        | Reached skill level 10 in Conjurations
   315 | D        | Became a worshipper of Sif Muna the Loreminder
   324 | D        | Found Suap's Weapon Emporium.
   324 | D        | Found an ancient bone altar of Kikubaaqudgha.
   324 | D        | Found a hazy altar of Hepliaklqana.
   324 | D        | Found a stormy altar of Qazlal.
   324 | D        | Found a hide-covered altar of Uskayaw.
   324 | D        | Found a blossoming altar of Fedhas.
   324 | D        | Found a bloodstained altar of Trog.
   324 | D        | Found an iron altar of Okawaru.
   324 | D        | Found a basalt altar of Yredelemnul.
   324 | D        | Found a glowing golden altar of the Shining One.
   324 | D        | Found a snail-covered altar of Cheibriados.
   324 | D        | Found a sacrificial altar of Ru.
   324 | D        | Found a glowing silver altar of Zin.
   324 | D        | Found a shadowy altar of Dithmenos.
   324 | D        | Found a white marble altar of Elyvilon.
   324 | D        | Noticed a yak
   330 | D        | Killed a yak
   330 | D        | Reached XP level 7. HP: 35/44 MP: 10/20
   352 | D        | Found an opulent altar of Gozag.
   353 | D        | Found a sparkling altar of Nemelex Xobeh.
   404 | D        | Noticed Sonja
   411 | D        | HP: 2/44 [poisoned by Sonja]
   411 | D        | Slain by Sonja

Illustrated notes

Levels and vault maps discovered:
D:        dungeon_sprint_1 [red_sonja_temple_1, red_sonja_temple_small_1]

Skill      XL: |  1  2  3  4  5  6 |
---------------+-------------------+-----
Conjurations   | 7 8 9 10 | 10.2
Spellcasting   | 4 5 6 9 |  9.3
Fighting       | 2 4 5 |  5.0
Armour         | 2 5 |  5.0
Dodging        | 3 5 |  5.0
Stealth        | |  2.0

Action                   |  1- 3 |  4- 6 |  7- 9 || total
-------------------------+-------+-------+-------++-------
Melee: Unarmed           |     5 |       |       ||     5
 Cast: Magic Dart        |     4 |       |     6 ||    10
       Searing Ray       |     1 |     4 |     1 ||     6
 Abil: Fly               |       |     1 |       ||     1
  Use: Potion            |     1 |       |     1 ||     2
Dodge: Dodged            |     6 |     7 |     6 ||    19

Table legend: (Time is in decaauts)
 A = Elapsed time spent in this place.
 B = Non-inter-level travel time spent in this place.
 C = Inter-level travel time spent in this place.
 D = Time resting spent in this place.
 E = Time spent auto-exploring this place.
 F = Levels seen in this place.
 G = Mean time per level.
                   A        B        C        D        E       F      G
               +--------+--------+--------+--------+--------+-----+--------+
         Total |    421 |    421 |      0 |    301 |      0 |   1 |  421.0 |
       Dungeon |    421 |    421 |      0 |    301 |      0 |   1 |  421.0 |
               +--------+--------+--------+--------+--------+-----+--------+

Top non-repeatable levels by time:
       D: 421 daAuts
